Map: Ever Dream LE

Players

HeroMarine - Winner!

  • Race: Terran Terran
  • League: Master
  • Spawn Location: 7:00

Geralt (Gerald)

  • Race: Protoss Protoss
  • League: Grandmaster
  • Spawn Location: 1:00

Event: DreamHack SC2 Masters 2020 Summer Europe

VOD

Have the link to the VOD?

Description

Time

  • Played on: June 24, 2020, 12:28 p.m.
  • Length: 10:50

All games in this series

Show
View Real Time Build Order
Export as new Build Order

HeroMarine Terran - Winner!

Build Orders:  

Get SALT Encoding   

  12  0:00  SCV  
  13  0:13  SCV  
  14  0:17  Supply Depot  
  14  0:25  SCV  
  15  0:38  SCV, Barracks  
  16  0:43  Refinery  
  16  0:50  SCV  
  17  1:02  SCV  
  18  1:14  SCV  
  19  1:25  Marine  
  20  1:27  Orbital Command  
  20  1:43  Command Center  
  20  1:44  Barracks Tech Lab  
  20  1:50  Supply Depot  
  20  1:54  SCV  
  21  2:02  Concussive Shells  
  21  2:03  Marauder  
  23  2:12  SCV  
  24  2:15  Barracks  
  24  2:24  Marauder, SCV  
  27  2:32  Barracks  
  27  2:36  SCV  
  28  2:45  Stimpack, Marine  
  28  2:48  SCV  
  30  2:58  Orbital Command  
  30  3:00  SCV  
  30  3:02  Barracks Reactor  
  30  3:03  Refinery  
  30  3:04  Marine  
  32  3:12  SCV  
  32  3:19  Barracks Tech Lab  
  33  3:22  Marine  
  33  3:24  SCV  
  33  3:25  SCV  
  36  3:35  Supply Depot  
  36  3:36  SCV  
  36  3:37  Combat Shield, SCV  
  36  3:38  Marine x2  
  36  3:39  Marine x2  
  42  3:48  SCV  
  43  3:49  SCV  
  43  3:51  Factory  
  43  3:53  Engineering Bay  
  44  3:58  Marine x2  
  44  4:00  SCV  
  44  4:01  SCV  
  48  4:08  Supply Depot  
  48  4:12  Marauder, SCV  
  48  4:13  Marauder, SCV  
  48  4:15  Refinery  
  54  4:21  Terran Infantry Weapons Level 1  
  54  4:29  Marine x2, SCV x2  
  54  4:30  Missile Turret  
  58  4:32  Supply Depot  
  58  4:33  Marine  
  58  4:35  Marine  
  60  4:41  SCV x2  
  60  4:42  Starport  
  60  4:44  Factory Reactor  
  62  4:51  Supply Depot  
  62  4:53  SCV x2  
  62  4:58  Marine x4  
  68  5:03  Refinery  
  68  5:05  SCV x2  
  69  5:15  Supply Depot, Marine  
  69  5:16  Marauder x2, Marine  
  69  5:18  SCV x2  
  77  5:29  Factory Reactor  
  77  5:30  Supply Depot  
  77  5:33  Marine  
  78  5:35  Supply Depot  
  78  5:36  Marine, Medivac x2  
  78  5:39  Marauder  
  86  5:42  SCV  
  86  5:47  SCV  
  86  5:52  Marauder  
  86  5:55  SCV  
  88  5:59  SCV  
  88  6:02  Marauder  
  85  6:12  Marine x2  
  85  6:13  Marauder, Widow Mine x2, Medivac x2  
  95  6:25  Command Center  
  95  6:26  Terran Infantry Armor Level 1  
  95  6:31  Marauder, Marine x2  
  99  6:33  Missile Turret  
  99  6:35  Marauder  
  99  6:38  Widow Mine x2  
  105  6:46  Barracks x2  
  105  6:50  SCV x2  
  105  6:53  Marauder  
  109  6:59  Supply Depot  
  109  7:01  Marauder  
  110  7:20  Marauder, Marine x2, SCV x2  
  110  7:21  Ghost Academy  
  110  7:22  Marauder  
  109  7:32  SCV x2  
  109  7:35  Marine x2  
  106  7:38  Widow Mine x2, Medivac  
  106  7:42  Marauder  
  106  7:43  Marauder, Medivac  
  116  7:44  SCV  
  116  7:45  SCV  
  116  7:47  Marine x2  
  120  7:54  Barracks Reactor, Barracks Tech Lab  
  120  7:56  SCV  
  120  7:57  Orbital Command, SCV  
  122  8:05  Marine x2, Ghost x2  
  122  8:10  Enhanced Shockwaves  
  128  8:13  Ghost  
  128  8:19  Widow Mine  
  132  8:22  Supply Depot  
  132  8:23  Marine x2  
  132  8:24  Widow Mine  
  132  8:25  Supply Depot  
  136  8:27  Supply Depot  
  136  8:30  Supply Depot  
  136  8:31  Marine x2  
  138  8:35  Marauder  
  140  8:42  SCV  
  140  8:43  SCV  
  140  8:44  Marauder x2, Widow Mine, SCV  
  140  8:45  Widow Mine  
  148  8:52  Marine x2  
  148  8:55  Marine x2  
  152  8:56  Marauder  
  150  9:05  Marauder x2, Medivac  
  156  9:10  Marine x2  
  156  9:13  Marine x2  
  159  9:17  Marauder  
  159  9:26  Marine  
  159  9:27  Marauder, Marine  
  159  9:28  Marine  
  159  9:30  Medivac  
  159  9:31  Marine  
  167  9:32  SCV x3  
  165  9:39  Marauder  
  165  9:45  Marauder  
  169  9:47  Marine x2  
  169  9:48  Marauder  
  173  9:56  Widow Mine x2  
  173  9:59  SCV  
  173  10:00  Refinery  
  173  10:01  Refinery  
  173  10:02  Armory  
  173  10:04  Engineering Bay  
  173  10:05  Supply Depot  
  173  10:06  Supply Depot, Marauder, SCV x2  
  161  10:19  Marauder, Marine  
  155  10:23  Marauder, Marine  
  155  10:24  Marine  
  155  10:25  Widow Mine x2, SCV x3  
  140  10:37  SCV x2  
  140  10:38  SCV  
Show
View Real Time Build Order
Export as new Build Order

Geralt Protoss 

Build Orders: 1 Gate Expand, Zealot Archon 

Get SALT Encoding   

  12  0:00  Probe  
  13  0:12  Probe  
  14  0:18  Pylon  
  14  0:22  Probe  
  15  0:32  Probe  
  15  0:37  Gateway  
  15  0:41  Probe  
  16  0:46  Assimilator  
  17  0:53  Probe  
  18  1:05  Probe  
  19  1:17  Probe  
  20  1:26  Cybernetics Core  
  20  1:29  Probe  
  21  1:35  Nexus  
  21  1:44  Probe, Pylon  
  22  1:51  Assimilator  
  22  1:52  Adept  
  22  1:56  Probe  
  23  2:03  Warp Gate  
  25  2:08  Probe  
  25  2:13  Stalker  
  26  2:21  Probe  
  29  2:32  Twilight Council  
  29  2:33  Probe  
  30  2:41  Pylon  
  30  2:45  Probe  
  30  2:49  Probe  
  32  2:53  Stalker  
  32  3:00  Shield Battery  
  32  3:02  Probe x2  
  34  3:08  Charge  
  34  3:13  Robotics Facility  
  34  3:17  Gateway  
  34  3:19  Probe  
  35  3:21  Probe  
  36  3:31  Probe  
  36  3:33  Probe  
  38  3:41  Gateway  
  38  3:43  Probe  
  38  3:44  Pylon  
  38  3:46  Probe  
  40  3:50  Gateway  
  40  4:03  Gateway  
  40  4:04  Gateway  
  40  4:08  Warp Prism  
  40  4:09  Gateway  
  40  4:11  Gateway  
  40  4:21  Probe  
  40  4:24  Assimilator  
  43  4:28  Pylon  
  44  4:33  Zealot x2  
  44  4:34  Probe  
  44  4:38  Zealot  
  50  4:42  Blink, Probe  
  51  4:46  Zealot  
  53  4:54  Zealot x2  
  57  5:06  Zealot  
  57  5:07  Zealot x3  
  65  5:20  Nexus  
  65  5:32  Templar Archives  
  65  5:36  Zealot  
  65  5:37  Zealot  
  65  5:39  Pylon, Probe  
  70  5:48  Immortal  
  70  5:50  Probe  
  70  5:57  Probe  
  70  6:03  Psionic Storm, Probe  
  71  6:09  Probe  
  66  6:14  Assimilator  
  66  6:15  Probe  
  66  6:16  Warp Prism  
  65  6:18  High Templar  
  65  6:21  Probe  
  65  6:24  Forge  
  65  6:25  Pylon  
  68  6:27  Probe  
  68  6:31  High Templar, Zealot  
  68  6:32  Probe  
  74  6:33  Probe  
  74  6:39  Probe  
  76  6:44  Probe  
  76  6:45  Shield Battery  
  76  6:46  Protoss Ground Armor Level 1, High Templar  
  79  6:47  Zealot x2  
  79  6:51  Probe  
  84  6:54  Zealot x2  
  84  6:58  Probe  
  84  7:00  Probe  
  90  7:03  Probe  
  90  7:05  Stalker  
  93  7:10  Probe  
  80  7:33  Zealot x2  
  80  7:35  Probe x2  
  80  7:36  Archon  
  84  7:38  Probe  
  84  7:43  Pylon x2  
  85  7:45  Pylon  
  85  7:52  Immortal  
  85  7:55  Pylon  
  85  7:57  Pylon  
  85  8:01  Probe  
  85  8:02  High Templar x3  
  85  8:03  Gateway  
  96  8:05  Zealot  
  96  8:06  Probe x2  
  96  8:08  Photon Cannon  
  96  8:11  Assimilator  
  100  8:13  Probe  
  100  8:15  Assimilator, Pylon  
  100  8:19  Zealot, High Templar, Pylon  
  105  8:27  Probe  
  105  8:30  Probe x2  
  108  8:37  Robotics Bay  
  108  8:39  Probe  
  109  8:43  Zealot x6  
  117  9:00  Probe  
  117  9:02  High Templar  
  112  9:06  Zealot x7  
  112  9:08  Pylon  
  124  9:26  Zealot x4  
  132  9:36  Pylon  
  132  9:38  Pylon  
  118  9:40  Disruptor, Archon, Pylon  
  118  9:43  Zealot  
  118  9:44  Zealot x3  
  122  9:51  Probe  
  122  10:01  Pylon  
  122  10:02  Zealot  
  122  10:03  Zealot x3  
  122  10:06  Cybernetics Core  
  106  10:19  Zealot x2  
  106  10:20  Zealot x2  
  98  10:28  Zealot x4  
  56  10:44  Stalker x4  
Tags
 
Add a new tag
Caveats
  • Supply blocks, unpowered buildings, or Contaminate may cause inaccurate times.
  • Supply counts are checked every 10 seconds.